 Dungeon Crawl Stone Soup version 0.27-a0-972-gd1521fd518 (webtiles) character file.

Game seed: 13404666114921307303

9 Alarkh the Insei (level 2, 13/21 HPs)
             Began as a Demonspawn Transmuter on Apr 13, 2021.
             Got out of the dungeon alive.
             The game lasted 00:00:20 (168 turns).

Alarkh the Insei (Demonspawn Transmuter)             Turns: 168, Time: 00:00:21

Health: 13/21      AC:  2    Str: 10    XL:     2   Next: 6%
Magic:  5/5        EV: 12    Int: 14    God:
Gold:   13         SH:  0    Dex: 15    Spells: 4/5 levels left

rFire    . . .     SeeInvis .     - Unarmed
rCold    . . .     Faith    .   (no shield)
rNeg     . . .     Spirit   .   a - +0 robe
rPois    .         Reflect  .   (no helmet)
rElec    .         Harm     .   (no cloak)
rCorr    .         Rampage  .   (no gloves)
Will     .....                  (no boots)
Stlth    ++........             (no amulet)
HPRegen  0.07/turn              (no ring)
MPRegen  0.09/turn              (no ring)

@: no status effects
A: thin skeletal structure 1
a: no special abilities


You escaped.
You visited 1 branch of the dungeon, and saw 1 of its levels.

You collected 13 gold pieces.

Inventory:

Armour
 a - a +0 robe (worn)
Scrolls
 b - a scroll of identify {unknown}
Potions
 c - a potion of curing {unknown}


   Skills:
 + Level 1.2 Fighting
 - Level 1.7 Dodging
 * Level 2.9 Unarmed Combat
 + Level 2.1 Spellcasting
 + Level 1.9 Transmutations


You had 4 spell levels left.
You knew the following spells:

 Your Spells              Type           Power      Damage    Failure   Level
a - Beastly Appendage     Tmut           14%        N/A       11%         1

Your spell library contained the following spells:

 Spells                   Type           Power      Damage    Failure   Level
 Wereblood                Tmut           7%         N/A       16%         2
 Spider Form              Tmut/Pois      2%         N/A       43%         3
 Ice Form                 Ice/Tmut       4%         N/A       83%         4
 Hydra Form               Tmut           3%         N/A       96%         5


Dungeon Overview and Level Annotations

Branches:
Dungeon (1/15)

Altars:


Innate Abilities, Weirdness & Mutations

You have a somewhat thin skeletal structure. (Dex +2, Stealth)


Message History

The kobold shouts!
There are monsters nearby!
There are monsters nearby!
There are monsters nearby!
A kobold comes into view. It is wielding a +0 whip.
Casting: Beastly Appendage (safe; 11% risk of failure)
Confirm with . or Enter, or press ? or * to list all spells.
You grow a pair of large bovine horns.
Your feet morph into talons.
The kobold shouts!
Your transformation is almost over.
Unknown command.
You closely miss the kobold. You claw the kobold.
The kobold is heavily wounded.
The kobold hits you with a +0 whip of draining.
You feel drained.
You hit the kobold.
You kill the kobold!
You have reached level 2!
Your demonic ancestry asserts itself...
Your bones become slightly less dense.
You hit the rat. You claw the rat, but do no damage. You headbutt the rat.
You kill the rat!
Your horns disappear.
Your talons disappear.
Your life force feels restored.
Things that are here:
a +0 whip of draining; a rat corpse The kobold hits you with a +0 whip.
You barely miss the kobold. The kobold misses you.
You closely miss the kobold. The kobold barely misses you.
You hit the kobold but do no damage. The kobold hits you with a +0 whip.
You hit the kobold.
You kill the kobold!
Things that are here:
a +0 whip; 4 stones You enter the shallow water.
Moving in this stuff is going to be slow.
There is a large open door here.
There is a staircase leading out of the dungeon here.
Are you sure you want to leave the Dungeon?
This will make you lose the game!
You have escaped!

...)#.....#....##.####..)....#
.##.###.###....##....##.######
.##...#†#...#####..#.##.#
.##.#.#.#.#.######...#..#
.##.#.....#≈≈≈≈§≈≈≈≈≈#.##
.##.##..###≈8≈≈≈≈≈≈8≈#.
.##.#..##..≈≈8≈≈≈≈8≈≈#.
.#....###..≈≈≈####≈≈≈#.
...........≈≈≈'.@#≈≈≈#
##...####..§§≈'..#§≈§# ##.#
#..§§§####§≈≈# #.
#..≈≈8≈≈≈≈8≈≈# #.
###≈8≈≈≈≈≈≈8≈# # #≈≈≈≈≈§§≈≈≈#
#########.## .# #


There were no monsters in sight!

Vanquished Creatures
  A bat (D:1)
  An endoplasm (D:1)
  A hobgoblin (D:1)
  2 kobolds (D:1)
  A quokka (D:1)
  2 ball pythons (D:1)
  A rat (D:1)
9 creatures vanquished.

Notes
Turn   | Place    | Note
-------+----------+-------------------------------------------
     0 | D:1      | Alarkh the Demonspawn Transmuter began the quest for the
                  | Orb.
     0 | D:1      | Reached XP level 1. HP: 15/15 MP: 3/3
   140 | D:1      | Gained mutation: You have a somewhat thin skeletal
                  | structure. (Dex +2, Stealth) [demonic ancestry]
   140 | D:1      | Reached XP level 2. HP: 14/20 MP: 3/5
   168 | D:$      | Got out of the dungeon alive.

Illustrated notes

Levels and vault maps discovered:
D:1:      lightli_arrival_boilingwater, layout_loops_ring,
          hangedman_glass_teeth, amcnicky_mini_corridor_feature,
          minmay_misc_feat_pillars, minmay_quantized

Action                   || total
-------------------------++-------
Melee: Unarmed           ||    20
       Kick              ||     3
       Headbutt          ||     3
 Cast: Beastly Appendage ||     5
Armor: Robe              ||     1
Dodge: Dodged            ||    14

Table legend: (Time is in decaauts)
 A = Elapsed time spent in this place.
 B = Non-inter-level travel time spent in this place.
 C = Inter-level travel time spent in this place.
 D = Time resting spent in this place.
 E = Time spent auto-exploring this place.
 F = Levels seen in this place.
 G = Mean time per level.
                   A        B        C        D        E       F      G
               +--------+--------+--------+--------+--------+-----+--------+
         Total |    172 |    151 |     21 |      4 |     90 |   1 |  172.0 |
       Dungeon |    172 |    151 |     21 |      4 |     90 |   1 |  172.0 |
               +--------+--------+--------+--------+--------+-----+--------+

Top non-repeatable levels by time:
     D:1: 172 daAuts
